 Dungeon Crawl Stone Soup version 0.31-a0-204-g7da18cac08 (webtiles) character file.

Game seed: 16133883505914853161

214 qw the Skirmisher (level 5, 0/29 HPs)
             Began as a Deep Elf Hunter on June 27, 2023.
             Slain by a goblin
             ... wielding a +0 club
             ... led by Robin
              (3 damage)
             ... on level 4 of the Dungeon.
             The game lasted 00:01:14 (3220 turns).

qw the Skirmisher (Deep Elf Hunter)                 Turns: 3220, Time: 00:01:14

Health: 0/29       AC:  8    Str: 10    XL:     5   Next: 59%
Magic:  7/7        EV:  9    Int: 14    God:
Gold:   166        SH:  0    Dex: 18    Spells: 4/4 levels left

rFire   + . .        Y - +1 shortbow
rCold   . . .        (shield currently unavailable)
rNeg    . . .        b - +0 scale mail
rPois   .            (no helmet)
rElec   .            j - +0 cloak
rCorr   .            o - +0 pair of gloves
SInv    .            (no boots)
Will    .....        (no amulet)
Stlth   +            g - ring of protection from fire
HPRegen 0.24/turn    (no ring)
MPRegen 0.10/turn

%: no passive effects
@: about to teleport
A: no striking features
a: no special abilities


You were on level 4 of the Dungeon.
You visited 1 branch of the dungeon, and saw 4 of its levels.

You collected 166 gold pieces.


   Skills:
 - Level 1.5 Fighting
 + Level 8.9 Ranged Weapons
 - Level 1.0 Armour
 - Level 2.4 Dodging
 - Level 1.2 Stealth


You had 4 spell levels left.
You didn't know any spells.
Your spell library was empty.

Inventory:

Hand Weapons
 Y - a +1 shortbow (weapon)
Armour
 b - a +0 scale mail (worn)
 j - a +0 cloak (worn)
 o - a +0 pair of gloves (worn)
Jewellery
 g - a ring of protection from fire (left hand)
Scrolls
 e - a scroll of identify
Potions
 a - a potion of lignification {unknown}
 c - a potion of ambrosia {unknown}
 d - a potion of heal wounds {unknown}
 f - a potion of mutation {unknown}
 h - a potion of attraction {unknown}
 k - a potion of enlightenment {unknown}
 m - a potion of curing
 n - a potion of degeneration {unknown}

Dungeon Overview and Level Annotations

Branches:
Dungeon (4/15)
 Temple: D:4-7

Altars:
Ru
The Shining One


Message History

Robin hits you but does no damage.
You shoot an arrow.
The arrow hits Robin but does no damage.
Robin is moderately wounded.
The goblin hits you but does no damage. x2
Robin roars a battlecry!
The goblin goes into a battle-frenzy!
You shoot an arrow. The arrow completely misses Robin.
The goblin barely misses you. Robin hits you but does no damage.
The goblin throws a stone.
The stone hits you but does no damage.
The goblin hits you with a +1 dagger of speed.
You shoot an arrow. The arrow hits Robin.
Robin is severely wounded.
The goblin hits you with a +1 dagger of speed.
Robin hits you with a +0 dagger.
The goblin throws a stone.
The stone hits you but does no damage. The goblin closely misses you.
You shoot an arrow. The arrow hits Robin!
You kill Robin!
The goblin throws a stone.
The stone hits you but does no damage. The goblin hits you but does no damage.
The goblin barely misses you.
The goblin throws a stone.
The stone closely misses you.
You shoot an arrow. The arrow hits the goblin.
The goblin is heavily wounded.
The goblin barely misses you.
The goblin throws a stone.
The stone closely misses you.
The goblin hits you with a +1 dagger of speed.
You shoot an arrow. The arrow closely misses the goblin.
The goblin no longer looks unusually strong.
The goblin hits you but does no damage.
The goblin hits you with a +1 dagger of speed.
3218 ||| READING scroll of teleportation.
As you read the scroll of teleportation, it crumbles to dust.
You feel strangely unstable. The goblin hits you but does no damage.
You shoot an arrow. The arrow hits the goblin!
You kill the goblin!
The goblin hits you with a +0 club.
You shoot an arrow. The arrow completely misses the goblin.
The goblin hits you with a +0 club.
You die...

#.. #...# #..
##...#
#...#....####
##...........#
...)....#####
.#..###.# #..
#.# ##..##)##
#.g@..###
#.)).#..#
#.....####
....##..#
...#. #..# .#
# #..# .#.#
....


You could see a goblin (strong).

Vanquished Creatures
  An orc wizard (D:3)
  Robin (D:4)
  3 gnolls (D:4)
  7 adders
  2 worms
  2 dart slugs
  7 orcs (D:3)
  5 endoplasms
  2 giant cockroaches (D:1)
  12 goblins
  4 hobgoblins
  4 jackals (D:1)
  6 kobolds
  A quokka (D:1)
  5 ball pythons
  5 bats
  3 frilled lizards
  A rat (D:1)
71 creatures vanquished.

Notes
Turn   | Place    | Note
-------+----------+-------------------------------------------
     0 | D:1      | qw the Deep Elf Hunter began the quest for the Orb.
     0 | D:1      | Reached XP level 1. HP: 12/12 MP: 3/3
     0 | D:1      | 0 ||| qw: Version: 0.3-a-22-g0ed2b0b
     0 | D:1      | 0 ||| qw: Game counter: 6635
     0 | D:1      | 0 ||| qw: Melee chars always use a shield: true
     0 | D:1      | 0 ||| qw: God list: Okawaru
     0 | D:1      | 0 ||| qw: Allow faded altars: false
     0 | D:1      | 0 ||| qw: Do Orc after clearing Dungeon:15 true
     0 | D:1      | 0 ||| qw: Do second Lair branch before Depths: true
     0 | D:1      | 0 ||| qw: Lair rune preference: random
     0 | D:1      | 0 ||| qw: Goals: Normal
     0 | D:1      | 0 ||| PLANNING D:1-11
    39 | D:1      | HP: 3/12 [jackal (3)]
    97 | D:1      | Reached XP level 2. HP: 16/16 MP: 4/4
   102 | D:1      | Reached skill level 6 in Ranged Weapons
   804 | D:1      | 804 ||| UPGRADING to +0 cloak.
   809 | D:1      | 809 ||| READING 2 scrolls labelled WOBRAWN QITIWA.
   810 | D:1      | 810 ||| READING scroll labelled CUASCH VYDUSEE.
   811 | D:1      | 811 ||| READING scroll labelled JYFYNTURUCH.
   812 | D:1      | 812 ||| READING scroll labelled SAICRYGYGA.
   813 | D:1      | 813 ||| READING scroll labelled TUCOVVARER.
   818 | D:1      | 818 ||| READING scroll labelled GURGHY TACVOEDAIGA.
   819 | D:1      | 819 ||| DROPPING scroll of blinking.
   820 | D:1      | 820 ||| DROPPING scroll of butterflies.
   858 | D:2      | Reached XP level 3. HP: 20/20 MP: 5/5
  1289 | D:2      | 1289 ||| UPGRADING to +0 scale mail.
  1299 | D:2      | 1299 ||| DROPPING +0 leather armour.
  1300 | D:2      | 1300 ||| UPGRADING to ring of protection from fire.
  1301 | D:2      | 1301 ||| READING scroll labelled AME PUWNOTZOY.
  1658 | D:2      | Reached skill level 7 in Ranged Weapons
  1690 | D:2      | 1690 ||| DRINKING 2 orange potions.
  2120 | D:3      | Reached XP level 4. HP: 12/25 MP: 6/6
  2342 | D:3      | Reached skill level 8 in Ranged Weapons
  2359 | D:3      | Found a sacrificial altar of Ru.
  2474 | D:3      | Found a glowing golden altar of the Shining One.
  2572 | D:3      | 2572 ||| FLEEEEING.
  2573 | D:3      | 2573 ||| FLEEEEING.
  2574 | D:3      | 2574 ||| FLEEEEING.
  2575 | D:3      | 2575 ||| FLEEEEING.
  2576 | D:3      | 2576 ||| FLEEEEING.
  2577 | D:3      | 2577 ||| FLEEEEING.
  2578 | D:3      | 2578 ||| STAIRDANCE
  2610 | D:2      | 2610 ||| UPGRADING to +0 pair of gloves.
  2615 | D:2      | 2615 ||| READING scroll labelled DOBBEQEAMOPS.
  2637 | D:3      | 2637 ||| Stepping ~*~*~tactically~*~*~ (outnumbered).
  2639 | D:3      | 2639 ||| Stepping ~*~*~tactically~*~*~ (outnumbered).
  2641 | D:3      | Reached XP level 5. HP: 29/29 MP: 7/7
  2864 | D:3      | 2864 ||| READING scroll labelled QIRIEC DYEBB.
  2965 | D:3      | 2965 ||| DRINKING 2 lumpy silvery potions.
  2966 | D:3      | 2966 ||| DROPPING potion of brilliance.
  3053 | D:4      | Reached skill level 1 in Armour
  3197 | D:4      | Noticed Robin
  3215 | D:4      | Killed Robin
  3217 | D:4      | HP: 5/29 [goblin/+1 dagger of speed[Robin] (3)]
  3218 | D:4      | 3218 ||| READING scroll of teleportation.
  3220 | D:4      | Slain by a goblin

Levels and vault maps discovered:
D:1:      minmay_arrival_open_corners, layout_basic
D:2:      layout_basic, serial_co_window_serial, co_window_of_opportunity_a,
          co_window_cross_1, co_window_corner_a, co_window_corner_a,
          co_window_corner_a, co_window_corner_a, co_window_paths_a,
          co_window_of_opportunity_b, co_window_paths_c, co_window_corner_ca,
          co_window_unsneaky_path_d, co_window_paths_c, co_window_paths_e,
          co_window_4corner_b, glass_columns_c, glass_columns_a,
          glass_columns_c, glass_columns_a, glass_columns_a
D:3:      layout_loops_cross, nicolae_tso_carved_into_rock, hangedman_ru_absence
D:4:      layout_layer_cave, kennysheep_little_box, uniq_duvessa, uniq_robin,
          uniq_ijyb

Skill      XL: |  1  2  3  4  5 |
---------------+----------------+-----
Ranged Weapons | 6 7 8 |  8.9
Armour         | 1 |  1.0
Fighting       | |  1.5
Dodging        | |  2.4
Stealth        | |  1.2

Action                     |  1- 3 |  4- 6 || total
---------------------------+-------+-------++-------
   Fire: Shortbow          |   139 |   130 ||   269
    Use: Scroll            |     7 |     3 ||    10
         Potion            |     1 |     1 ||     2
 Armour: Leather armour    |    11 |       ||    11
         Scale mail        |    18 |    49 ||    67
  Dodge: Dodged            |    38 |    45 ||    83

Table legend:
 A = Non-vault XP
 B = Vault XP
 C = Vault XP percentage of total XP
 D = Non-vault monster count
 E = Vault monster count
 F = Vault count percentage of total count
                 A         B        C        D         E       F
            +---------+---------+-------+---------+---------+-------
      Total |     272 |      34 |  11.1 |      61 |      10 |  14.1
            +---------+---------+-------+---------+---------+-------
        D:1 |      40 |       0 |   0.0 |      22 |       0 |   0.0
        D:2 |      28 |       0 |   0.0 |       7 |       0 |   0.0
        D:3 |     141 |       0 |   0.0 |      24 |       0 |   0.0
        D:4 |      63 |      34 |  35.1 |       8 |      10 |  55.6
            +---------+---------+-------+---------+---------+-------
